[Event "Sautron op 15th"]
[Site "Sautron"]
[Date "2015.10.24"]
[Round "2.1"]
[White "Le Roux, Jean Pierre"]
[Black "Delorme, Alban"]
[Result "1-0"]
[ECO "D56"]
[WhiteElo "2572"]
[BlackElo "2303"]
[Annotator "RR"]
[PlyCount "75"]
[EventDate "2015.10.24"]
[EventType "swiss"]
[EventRounds "9"]
[EventCountry "FRA"]
[SourceTitle "EXT 2019"]
[Source "ChessBase"]
[SourceDate "2018.10.10"]
[SourceVersion "1"]
[SourceVersionDate "2018.10.10"]
[SourceQuality "1"]
[TimeControl "40/5400+30:1800+30"]
[WhiteClock "0:06:14"]
[BlackClock "0:17:28"]

1. d4 d5 2. Nf3 Nf6 3. c4 e6 4. Nc3 Be7 5. Bg5 h6 6. Bh4 O-O 7. e3 Ne4 (7... b6) 8. Bxe7 Qxe7 9. Rc1 Rd8 $6 {[%emt 0:08:43] Une ligne secondaire assez passive et qui donne
une petite avance de développement aux Blancs} (9... c6 $142 10. Bd3 Nxc3 11.
Rxc3 dxc4 12. Bxc4 Nd7 13. O-O b6 14. Bd3 c5 15. Qc2 Bb7 16. Bh7+ Kh8 17. Be4
Bxe4 18. Qxe4 a5 19. h3 Rfd8 20. Rfc1 cxd4 21. Nxd4 Nc5 22. Qc2 Rac8 23. Nb3
Nxb3 24. Rxc8 Nxc1 25. Qxc1 Rxc8 26. Qxc8+ Kh7 27. Qc2+ Kg8 28. a3 {1/2-1/2 
(28) Harikrishna,P (2740)-Moiseenko,A (2710) Kocaeli 2015}) (9... Nxc3 10. Rxc3
c6) 10. Qc2 Nxc3 11. Qxc3 c6 12. Be2 (12. Bd3) 12... Nd7 13. O-O dxc4 $146 (13... a5
14. a3 Nf6 15. Rfd1 Bd7 16. Bd3 Be8 17. Bb1 b5 18. c5 Nd7 19. Re1 Rdb8 20. b4
Ra7 21. Nd2 axb4 22. axb4 Rba8 23. Nb3 f5 24. Na5 Nf6 25. f3 Qc7 26. e4 dxe4
27. fxe4 Ng4 28. g3 Qd7 29. Rcd1 Nf6 30. exf5 exf5 31. Re5 g6 32. Ba2+ Bf7 33.
Bxf7+ Kxf7 34. Qb3+ Kg7 35. Qe6 Rc8 36. Qxd7+ Rxd7 37. Re6 Rdc7 38. d5 cxd5 39.
Rb6 Re7 40. Rxb5 Re2 41. Rb7+ Kf8 42. Rb6 Kg7 43. Rb7+ {Donchenko,A-Loisha
Rostov on Don 1972 1/2-1/2 (69)}) 14. Qxc4 e5 15. Rfd1 $32 Nb6 16. Qc5 $1 {
[%emt 0:06:43] Transpose dans une bonne finale pour les Blancs} Qxc5 17. dxc5 Rxd1+ 18. Bxd1 (18. Rxd1 $2 Na4 ) 18... Nd7 19. Nd2 Kf8 20. Bb3
$32 (20. Ne4 f5 21. Nd6 Ke7) 20... Ke7 21. f4 $1 f5 22. Kf2 Nf6 23. h3 e4 24.
Rc4 (24. Nc4 ) 24... Be6 25.
Rb4 $36 Rb8 26. Bxe6 Kxe6 27. Nb3 $1 (27. Nc4
Nd5 28. Rb3) 27... Nd7 28. g4 $1 $40 {[%emt 0:05:04] Avec des
coups simples, le GMI a pris un gros avantage} g6 29. Rd4 $1 Ke7 30. Rd6 Nxc5 31. Rxg6 Nd3+ (31... Nxb3 32. axb3 ) 32. Ke2 c5 33. gxf5 (33. Rxh6) 33... c4 $2 34. Nd2 Nxb2 35. Nxe4
$18 b5 36. Rxh6 Rf8 37. Rh7+ {[%emt 0:01:37] Une partie a sens unique} Kd8 38. f6 1-0